 Dungeon Crawl Stone Soup version 0.30-a0-802-gb92711bcdf (webtiles) character file.

Game seed: 14810316979087227551

8 Esekla the Sneak (level 2, -4/21 HPs)
             Began as an Octopode Delver on Feb 24, 2023.
             Shot with an arrow by a centaur (10 damage)
             ... on level 5 of the Dungeon.
             The game lasted 00:03:19 (301 turns).

Esekla the Sneak (Octopode Delver)                   Turns: 301, Time: 00:03:19

Health: -4/21      AC:  1    Str: 11    XL:     2   Next: 8%
Magic:  2/2        EV: 13    Int: 12    God:
Gold:   8          SH:  0    Dex:  9    Spells: 1/1 levels left

rFire   . . .      SeeInvis .    a - +7 trident "Luce" {protect, rC+ Will++ Dex-4}
rCold   + . .      Faith    .    (no shield)
rNeg    . . .      Spirit   .    (helmet restricted)
rPois   .          Reflect  .    (no amulet)
rElec   .          Harm     .    (no ring)
rCorr   .          Rampage  .    (no ring)
Will    ++...                    (no ring)
Stlth   ++++                     (no ring)
HPRegen 0.23/turn                (no ring)
MPRegen 0.08/turn                (no ring)
                                 (no ring)
                                 (no ring)

@: hasted, very quick
A: almost no armour, amphibious, 8 rings, camouflage 1, gelatinous body 1,
(nimble swimmer 1), tentacles
a: no special abilities


You were on level 5 of the Dungeon.
You visited 1 branch of the dungeon, and saw 1 of its levels.

You collected 8 gold pieces.

Inventory:

Hand Weapons
 a - the +7 trident "Luce" (weapon) {protect, rC+ Will++ Dex-4}
   (You found it on level 5 of the Dungeon)

   Dex:       It affects your dexterity (-4).
   rC:        It protects you from cold.
   Will:      It greatly increases your willpower.
 i - a +0 falchion
Wands
 f - a wand of digging (2)
Scrolls
 b - a scroll of fog
 c - a scroll of identify {unknown}
 g - a scroll of teleportation {unknown}
Potions
 h - a potion of curing {unknown}


   Skills:
 * Level 3.0 Fighting
 + Level 2.0 Long Blades
 * Level 2.1 Dodging
 + Level 6.9 Stealth
 * Level 0.2 Spellcasting


You had one spell level left.
You didn't know any spells.
Your spell library was empty.

Dungeon Overview and Level Annotations

Branches:
Dungeon (5/15)
 Temple: D:4-7

Altars:
Trog
Yredelemnul


Innate Abilities, Weirdness & Mutations

You cannot wear most types of armour.
You are amphibious.
You can wear up to eight rings at the same time.
Your skin changes colour to match your surroundings (Stealth+).
Your rubbery body absorbs attacks. (AC +1, EV +1)
((You are camouflaged when in or above water. (Stealth+)))
You have tentacles for arms and can constrict up to eight enemies at once.


Message History

The jackal closely misses you.
The jackal bites you but does no damage.
You closely miss the jackal. Your grab misses the jackal.
Your squeeze misses the jackal.
The jackal is moderately wounded.
The jackal misses you.
The jackal bites you but does no damage.
You closely miss the jackal. Your grab misses the jackal.
The jackal is lightly wounded.
The jackal bites you.
You hit the jackal.
Your weapon exudes an aura of protection.
You kill the jackal!
The centaur shoots an arrow.
The arrow hits you!
The centaur shoots an arrow.
The arrow hits you.
* * * LOW HITPOINT WARNING * * *
As you read the scroll of fear, it crumbles to dust.
You assume a fearsome visage.
The centaur looks frightened!
You see here a +0 robe.
Found a scroll labelled DIACWY CUDIPT.
You open the door.
A scorpion comes into view.
There is an open door here.
You close the door.
You start resting.
HP restored.
You open the door.
There is an open door here.
Found a stone staircase leading down.
An iguana comes into view.
The centaur shouts!
The centaur shoots an arrow.
The arrow closely misses you.
You feel yourself speed up.
The centaur shoots an arrow.
The arrow hits you!
The centaur shoots an arrow.
The arrow hits you!
* * * LOW HITPOINT WARNING * * *
Okay, then.
Okay, then.
The jelly jiggles.
The centaur shoots an arrow.
The arrow hits you!
You die...

#.# ##...# *,* #.# ###.## *,* #.#
#..## *,* #.# ##..# *,** #.#
##.###,,, * #.# #...#### * #.#
#...#... ********** #.# #[..'...
**,,,*,,,***####@#########...#.#.
**,,*,,*,,*#.................#.#.
_,*,,*,,*............#########.#.
*,,*,,*,,###.........# #.#.
**,,,*,,,* #.....c...# #.#.
********** #.........#*#######.#.
*,* #.........J,#......... *,*
#.........#.#.#####.#. *,*
*##########,#.* #.#.


You could see a centaur and a jelly.

Vanquished Creatures
  An ufetubus (D:5)
  2 jackals (D:5)
3 creatures vanquished.

Notes
Turn   | Place    | Note
-------+----------+-------------------------------------------
     0 | D:5      | Esekla the Octopode Delver began the quest for the Orb.
     0 | D:5      | Reached XP level 1. HP: 16/16 MP: 1/1
    68 | D:5      | Identified the +7 trident "Luce" {protect, rC+ Will++
                  | Dex-4}
   126 | D:5      | Found a basalt altar of Yredelemnul.
   126 | D:5      | Found a bloodstained altar of Trog.
   154 | D:5      | Noticed a jelly
   181 | D:5      | Reached XP level 2. HP: 21/21 MP: 2/2
   183 | D:5      | Noticed a centaur
   220 | D:5      | Noticed a scorpion
   301 | D:5      | Shot with an arrow by a centaur

Illustrated notes

Levels and vault maps discovered:
D:5:      layout_basic, marbit_many_paths, gammafunk_temple_overflow_statue

Action                     || total
---------------------------++-------
  Melee: Falchion          ||     5
         Trident           ||     8
         Constrict         ||     1
  Evoke: Wand              ||     1
    Use: Scroll            ||     2
         Potion            ||     1
 Armour: Skin              ||     6
  Dodge: Dodged            ||    18

Table legend: (Time is in decaauts)
 A = Elapsed time spent in this place.
 B = Non-inter-level travel time spent in this place.
 C = Inter-level travel time spent in this place.
 D = Time resting spent in this place.
 E = Time spent auto-exploring this place.
 F = Levels seen in this place.
 G = Mean time per level.
                   A        B        C        D        E       F      G
               +--------+--------+--------+--------+--------+-----+--------+
         Total |    303 |    303 |      0 |     70 |      0 |   1 |  303.0 |
       Dungeon |    303 |    303 |      0 |     70 |      0 |   1 |  303.0 |
               +--------+--------+--------+--------+--------+-----+--------+

Top non-repeatable levels by time:
     D:5: 303 daAuts
